 Dungeon Crawl Stone Soup version 0.24.0-13-gcf9b319 (webtiles) character file.

Game seed: 8040066957363955058, levelgen mode: deterministic

5374 0gre the Cleaver (level 10, -8/135 HPs)
             Began as a Minotaur Berserker on June 2, 2020.
             Was an Elder of Trog.
             Mangled by a death yak (14 damage)
             ... on level 9 of the Dungeon on June 3, 2020.
             The game lasted 00:38:48 (7299 turns).

0gre the Cleaver (Minotaur Berserker)               Turns: 7299, Time: 00:38:49

Health: -8/135     AC: 14    Str: 29    XL:     10   Next: 39%
Magic:  9/9        EV:  9    Int:  4    God:    Trog [****..]
Gold:   163        SH:  0    Dex: 11    Spells: 9/9 levels left

rFire    . . .     SeeInvis .   a - +8 frozen axe "Frostbite" {freezing cloud, *Noise +Fly rC+}
rCold    + . .     Gourm    +   (shield currently unavailable)
rNeg     + . .     Faith    .   D - +0 plate armour
rPois    +         Spirit   .   (helmet restricted)
rElec    .         Reflect  .   p - +0 cloak
rCorr    .         Harm     .   (no gloves)
MR       .....                  (no boots)
Stlth    ..........             e - amulet of the gourmand
HPRegen  0.32/turn              v - ring of poison resistance
MPRegen  0.11/turn              C - ring of positive energy

@: berserking, very quick
A: retaliatory headbutt, horns 2
a: Berserk, Trog's Hand, Brothers in Arms, Renounce Religion, Evoke Flight


You were on level 9 of the Dungeon.
You worshipped Trog.
Trog was greatly pleased with you.
You were very full.

You visited 1 branch of the dungeon, and saw 9 of its levels.

You collected 542 gold pieces.
You spent 379 gold pieces at shops.

Inventory:

Hand Weapons
 a - the +8 frozen axe "Frostbite" (weapon) {freezing cloud, *Noise +Fly rC+}
   (You found it on level 7 of the Dungeon)

   It has been specially enchanted to freeze those struck by it, causing extra
   injury to most foes and up to half again as much damage against particularly
   susceptible opponents.
   It can also slow down cold-blooded creatures.
   It protects you from cold.
   It lets you fly.
   It may make noises in combat.
 b - a +0 shortbow
 c - a +4 quarterstaff
Missiles
 g - 209 stones
 j - 142 arrows
 l - 10 boomerangs (quivered)
 o - 5 silver boomerangs
 x - 2 curare-tipped darts
Armour
 p - a +0 cloak (worn)
 D - a +0 plate armour (worn)
Jewellery
 e - an amulet of the gourmand (around neck)
 v - a ring of poison resistance (left hand)
 C - a ring of positive energy (right hand)
Wands
 q - a wand of acid (6)
Scrolls
 d - 8 scrolls of remove curse
 f - 4 scrolls of teleportation
 n - a scroll of brand weapon {unknown}
 s - a scroll of enchant weapon
 u - 2 scrolls of fear
 E - a scroll of magic mapping {unknown}
 F - a scroll of torment {unknown}
 G - a scroll of acquirement {unknown}
Potions
 h - a potion of ambrosia {unknown}
 i - 5 potions of curing
 k - a potion of lignification {unknown}
 m - a potion of resistance
 r - 2 potions of haste {unknown}
 t - a potion of invisibility {unknown}
 w - a potion of might {unknown}
 z - a potion of flight {unknown}
 A - 2 potions of mutation
 B - 2 potions of heal wounds
Comestibles
 y - 11 rations
 H - 4 chunks of flesh


   Skills:
 + Level 8.5 Fighting
 + Level 11.3 Axes
 + Level 2.1 Staves
 + Level 7.6 Bows
 + Level 3.1 Throwing
 + Level 7.6 Armour
 + Level 4.7 Dodging


You had 9 spell levels left.
You didn't know any spells.
Your spell library was empty.

Dungeon Overview and Level Annotations

Branches:
Dungeon (9/15)             Temple (0/1) D:6
   Lair: D:8-11         Orc: D:9-12

Altars:
Ashenzari
Dithmenos
Gozag
Hepliaklqana
Kikubaaqudgha
Nemelex Xobeh
Okawaru
Qazlal
Sif Muna
Trog
Xom
Zin

Shops:
D:4 *   D:7 !


Innate Abilities, Weirdness & Mutations

You reflexively headbutt those who attack you in melee.
You have a pair of horns on your head.


Message History

You slice the death yak!! You freeze the death yak. You headbutt the death yak!
The death yak is moderately wounded.
You slice the death yak!! You freeze the death yak! The death yak gores you!
* * * LOW HITPOINT WARNING * * *
The death yak gores you but does no damage.
The death yak completely misses you. You furiously retaliate!
You headbutt the death yak, but do no damage.
The death yak gores you but does no damage.
A red film seems to cover your vision as you go berserk!
You feel yourself moving faster!
You feel mighty! The death yak barely misses you. You furiously retaliate!
You headbutt the death yak!!
The death yak gores you but does no damage.
You barely miss the death yak.
The death yak is heavily wounded.
You slash the rat! You freeze the rat.
You kill the rat!
Trog accepts your kill.
You slice the death yak!! You freeze the death yak. The death yak gores you!
You die...

#...%..(..
#.(...(..
#.((.(.#
#.(....#
+.....>#
#.(?...#
#......+
#†YY...#
##@#####
#(# #.#
##'######
#.......#
#.......#
#.......#
#.......#
#..)....#


You could see 2 death yaks.

Vanquished Creatures
  A death yak (D:9)
  2 hornets (D:8)
  A hippogriff (D:8)
  A wraith (D:6)
  A wyvern (D:8)
  A yak (D:7)
  A human (D:7)
  3 hogs (D:7)
  Menkaure (D:7)
  A sky beast (D:7)
  An ice beast (D:8)
  An orc warrior (D:8)
  2 black bears (D:8)
  A necrophage (D:5)
  4 phantoms
  6 ogres
  3 centaurs
  7 bullfrogs
  A scorpion (D:7)
  5 howler monkeys
  2 crimson imps (D:8)
  A quasit (D:8)
  4 hounds
  4 jellies
  An orc priest (D:8)
  2 centaur skeletons (D:6)
  2 iguanas
  5 worker ants
  A hound zombie (D:5)
  A hound skeleton (D:4)
  9 adders
  2 shadow imps
  3 oozes
  An adder skeleton (D:9)
  2 worms
  2 dart slugs
  5 leopard geckos
  19 orcs
  8 bats
  5 giant cockroaches
  5 goblins
  9 hobgoblins
  4 jackals
  2 quokkas
  4 frilled lizards
  7 kobolds
  7 rats
  3 toadstools (D:1)
164 creatures vanquished.

Vanquished Creatures (others)
  4 orcs (D:6)
  A toadstool (D:1)
5 creatures vanquished.

Grand Total: 169 creatures vanquished

Notes
Turn   | Place    | Note
-------+----------+-------------------------------------------
     0 | D:1      | 0gre the Minotaur Berserker began the quest for the Orb.
     0 | D:1      | Reached XP level 1. HP: 19/19 MP: 0/0
   117 | D:1      | Reached skill level 4 in Axes
   131 | D:1      | Reached XP level 2. HP: 13/27 MP: 1/1
   641 | D:1      | Reached XP level 3. HP: 33/33 MP: 2/2
   917 | D:2      | Found a shadowy altar of Dithmenos.
   988 | D:2      | Reached XP level 4. HP: 41/41 MP: 3/3
   997 | D:2      | Found a shattered altar of Ashenzari.
  1021 | D:2      | Reached ** piety under Trog
  1114 | D:2      | Reached skill level 5 in Axes
  1444 | D:2      | Reached skill level 1 in Throwing
  1472 | D:3      | Found a hazy altar of Hepliaklqana.
  1931 | D:3      | Found a sparkling altar of Nemelex Xobeh.
  1931 | D:3      | Found an opulent altar of Gozag.
  2034 | D:3      | Reached XP level 5. HP: 35/47 MP: 1/4
  2221 | D:4      | Noticed an ogre
  2234 | D:4      | Killed an ogre
  2613 | D:4      | Reached skill level 6 in Axes
  2678 | D:4      | Found Doisach's General Store.
  2693 | D:4      | Reached skill level 5 in Fighting
  2693 | D:4      | Reached XP level 6. HP: 49/56 MP: 5/5
  2762 | D:4      | Reached *** piety under Trog
  2792 | D:4      | Bought a potion of curing for 33 gold pieces
  2792 | D:4      | Bought a scroll of identify for 22 gold pieces
  2906 | D:4      | Reached skill level 7 in Axes
  2916 | D:4      | Reached XP level 7. HP: 49/61 MP: 6/6
  3074 | D:4      | Found a shimmering blue altar of Sif Muna.
  3120 | D:5      | Entered Level 5 of the Dungeon
  3377 | D:5      | Reached skill level 8 in Axes
  3434 | D:5      | Found a glowing silver altar of Zin.
  3614 | D:5      | Reached XP level 8. HP: 59/70 MP: 7/7
  3693 | D:5      | Reached skill level 5 in Armour
  4133 | D:6      | Reached skill level 1 in Bows
  4736 | D:6      | Reached skill level 9 in Axes
  4806 | D:6      | Found a shimmering altar of Xom.
  4834 | D:6      | Found a staircase to the Ecumenical Temple.
  5264 | D:7      | Noticed Menkaure
  5269 | D:7      | Killed Menkaure
  5269 | D:7      | Reached XP level 9. HP: 26/78 MP: 8/8
  5507 | D:7      | Found Remouwi's Distillery.
  5510 | D:7      | Bought a potion of mutation for 96 gold pieces
  5510 | D:7      | Bought a potion of heal wounds for 60 gold pieces
  5510 | D:7      | Bought a potion of heal wounds for 60 gold pieces
  5510 | D:7      | Bought a potion of mutation for 96 gold pieces
  5510 | D:7      | Bought a potion of degeneration for 12 gold pieces
  5648 | D:7      | Found the +8 frozen axe "Frostbite" {freezing cloud, *Noise
                  | +Fly rC+}
  5676 | D:7      | Reached **** piety under Trog
  5690 | D:7      | Reached skill level 1 in Staves
  5874 | D:7      | Reached skill level 5 in Bows
  6163 | D:7      | Found a bloodstained altar of Trog.
  6166 | D:7      | Found an ancient bone altar of Kikubaaqudgha.
  6166 | D:7      | Found an iron altar of Okawaru.
  6365 | D:8      | Reached skill level 10 in Axes
  6483 | D:8      | Found a stormy altar of Qazlal.
  6798 | D:8      | Received a gift from Trog
  6888 | D:8      | Reached XP level 10. HP: 83/88 MP: 9/9
  7279 | D:9      | Noticed a death yak
  7290 | D:9      | Noticed a death yak
  7291 | D:9      | Noticed a death yak
  7292 | D:9      | Killed a death yak
  7292 | D:9      | Reached skill level 11 in Axes
  7297 | D:9      | HP: 3/90 [death yak (15)]
  7299 | D:9      | Mangled by a death yak

Levels and vault maps discovered:
D:1:      ldierk_water_garden, layout_loops_ring
D:2:      layout_loops_ring, grunt_dithmenos_smoke, serial_glass,
          glass_columns_c, glass_columns_b, corner_web_ring, ashenzari_altar_1
D:3:      layout_loops_ring, grunt_temple_overflow_opulence,
          lemuel_crystal_altar
D:4:      layout_rooms, led_sif_pool, serial_shops, shop, minmay_vboxes
D:5:      layout_cave_pods, zin_academy, first_ration
D:6:      layout_loops_ring, lemuel_temple_firewalk_a, basic_altar
D:7:      layout_loops_corners, nicolae_overflow_hidden_temple, serial_shops,
          shop, grunt_livestock, uniq_menkaure
D:8:      layout_basic, kennysheep_mini
D:9:      layout_roguey, dpeg_lair_monsters, orc_0_dummy, special_room
          [special_room_bee], minmay_door_square

Skill      XL: |  1  2  3  4  5  6  7  8  9 10 |
---------------+-------------------------------+-----
Axes           | 4 5 6 7 8 9 10 11 | 11.3
Fighting       | 4 5 6 7 8 |  8.5
Throwing       | 1 2 3 |  3.1
Armour         | 3 4 5 7 |  7.6
Dodging        | 3 4 |  4.7
Bows           | 4 6 7 |  7.6
Staves         | 2 |  2.1

Action                   |  1- 3 |  4- 6 |  7- 9 | 10-12 || total
-------------------------+-------+-------+-------+-------++-------
Melee: Hand axe          |    54 |   137 |   104 |       ||   295
       Headbutt          |     5 |    17 |    27 |     3 ||    52
       Quarterstaff      |       |       |    17 |       ||    17
       Executioner's axe |       |       |    37 |    17 ||    54
 Fire: Shortbow          |       |       |    97 |    18 ||   115
Throw: Boomerang         |    19 |     6 |     9 |       ||    34
       Stone             |     4 |    17 |       |       ||    21
Invok: Berserk           |       |     1 |     1 |     1 ||     3
  Use: Scroll            |       |     7 |     3 |       ||    10
 Stab: Sleeping          |     1 |       |       |       ||     1
       Distracted        |       |       |     1 |       ||     1
  Eat: Chunk             |       |    19 |    14 |     1 ||    34
Armor: Animal skin       |     8 |       |       |       ||     8
       Leather armour    |     7 |    13 |       |       ||    20
       Ring mail         |       |    15 |    29 |       ||    44
       Plate armour      |       |       |    31 |    12 ||    43
Dodge: Dodged            |    36 |    82 |    81 |    12 ||   211
